Map: Shrines of Lizul

Players

SCARBONI - Winner!

  • Race: Zerg Zerg
  • Spawn Location: 3:00

MarkAllan - Winner!

  • Race: Terran Terran
  • Spawn Location: 12:00

OpuS

  • Race: Protoss Protoss
  • Spawn Location: 6:00

Sketchaphone

  • Race: Zerg Zerg
  • Spawn Location: 9:00

VOD

Have the link to the VOD?

Description

Time

  • Played on: Jan. 22, 2019, 2:37 p.m.
  • Length: 5:44
Show
View Real Time Build Order
Export as new Build Order

SCARBONI Zerg - Winner!

Build Orders: Pool First 

Get SALT Encoding   

  12  0:01  Drone  
  13  0:08  Drone  
  14  0:15  Extractor  
  14  0:17  Drone  
  14  0:34  Spawning Pool  
  13  0:40  Overlord  
  13  0:46  Drone  
  14  0:58  Drone  
  15  1:21  Queen  
  15  1:22  Metabolic Boost  
  15  1:24  Zergling x2  
  19  1:25  Zergling x2  
  19  1:30  Zergling x2  
  20  1:36  Zergling x2  
  21  1:46  Overlord  
  21  2:01  Zergling x2  
  22  2:10  Zergling x2  
  23  2:20  Zergling x2  
  24  2:31  Zergling x6  
  24  2:48  Zergling x2  
  23  3:11  Hatchery  
  21  3:17  Zergling x2  
  21  3:18  Zergling x10  
  26  3:33  Zergling x2  
  25  3:52  Queen  
  27  3:56  Overlord  
  27  4:00  Zergling x6  
  29  4:17  Zergling x2  
  30  4:34  Drone x6  
  36  4:49  Zergling x4  
  38  5:11  Zergling x12  
  44  5:24  Overlord x2  
Show
View Real Time Build Order
Export as new Build Order

MarkAllan Terran - Winner!

Build Orders:  

Get SALT Encoding   

  12  0:00  SCV  
  13  0:12  SCV  
  14  0:19  Supply Depot  
  14  0:25  SCV  
  15  0:42  Barracks, SCV  
  16  0:47  Refinery  
  16  0:54  SCV  
  17  1:04  Supply Depot  
  17  1:06  SCV  
  18  1:13  Barracks  
  19  1:18  SCV  
  19  1:30  Marine, SCV  
  21  1:39  Barracks  
  21  1:43  SCV  
  22  1:59  Marine  
  23  2:02  Orbital Command  
  23  2:04  Marine  
  24  2:13  Barracks  
  24  2:17  Marine  
  24  2:23  Marine  
  24  2:27  Supply Depot  
  25  2:35  Barracks Tech Lab  
  25  2:40  Marine x2  
  26  2:59  Marine x3  
  29  3:17  Marine x3  
  31  3:34  Marine x2  
  31  3:35  Marine  
  32  3:52  Marine x3  
  32  3:53  Barracks Reactor  
  32  3:55  Barracks  
  35  3:57  Supply Depot  
  35  4:10  Marine x3  
  38  4:28  Marine x3  
  38  4:30  Marine x2  
  43  4:34  Factory  
  43  4:46  Marine x3  
  43  4:48  Marine  
  47  4:53  Supply Depot  
  47  4:54  Command Center  
  47  5:12  Marine  
  47  5:13  Marine  
  47  5:14  Marine x4  
Show
View Real Time Build Order
Export as new Build Order

OpuS Protoss 

Build Orders:  

Get SALT Encoding   

  12  0:01  Probe  
  13  0:13  Probe  
  14  0:20  Pylon  
  14  0:25  Probe  
  15  0:37  Probe  
  15  0:41  Gateway  
  16  0:45  Probe  
  17  0:57  Gateway  
  17  1:00  Probe  
  17  1:02  Assimilator  
  17  1:08  Probe  
  19  1:18  Probe  
  20  1:29  Zealot  
  22  1:40  Pylon  
  22  1:43  Probe, Forge  
  23  1:58  Zealot, Probe  
  26  2:07  Zealot  
  28  2:16  Photon Cannon  
  28  2:21  Photon Cannon  
  28  2:22  Assimilator  
  28  2:47  Zealot  
  28  2:48  Zealot  
  30  2:55  Cybernetics Core  
  30  2:58  Gateway  
  28  2:59  Probe  
  29  3:13  Zealot  
  31  3:23  Pylon  
  31  3:25  Pylon  
  31  3:35  Zealot  
  31  3:40  Warp Gate  
  27  3:59  Adept x2  
  27  4:02  Adept  
  33  4:03  Gateway  
  33  4:30  Sentry  
  35  4:32  Sentry  
  35  4:33  Sentry  
  29  5:29  Adept x3  
Show
View Real Time Build Order
Export as new Build Order

Sketchaphone Zerg 

Build Orders: Hatch First 

Get SALT Encoding   

  12  0:01  Drone  
  13  0:15  Overlord  
  13  0:22  Drone  
  13  0:27  Drone, Extractor  
  15  0:35  Drone  
  15  0:41  Drone  
  17  0:56  Drone  
  18  0:58  Extractor  
  18  1:02  Hatchery  
  16  1:04  Drone  
  17  1:31  Spawning Pool  
  16  1:39  Drone  
  17  1:40  Overlord, Drone  
  18  2:11  Drone  
  19  2:18  Queen  
  19  2:22  Spine Crawler  
  20  2:23  Spine Crawler  
  20  2:24  Zergling x8  
  23  2:56  Spawning Pool  
  19  3:42  Drone  
  19  3:47  Zergling x8  
  19  3:48  Zergling x8  
  26  3:53  Spine Crawler  
  25  4:00  Drone x2  
  27  4:03  Roach Warren  
  25  4:16  Spine Crawler  
  19  5:19  Hatchery  
Tags
 
Add a new tag
Caveats
  • Supply blocks, unpowered buildings, or Contaminate may cause inaccurate times.
  • Supply counts are checked every 10 seconds.